Croesus, chaotic male elven Ranger --------- |.......| |.......| ---------------- |.......| ##### ...............| |.......| # |..............| |.......|### ...............| #-...).)..# |.<.....$......| #-----.--- ----------- ---- ##) # ) # ) C# ) @ # + # --------.----# |...........|# |..........))) ------------- Croesus the Trailblazer Experience level: 8 Strength: 18 Dexterity: 14 Constitution: 17 Intelligence: 13 Wisdom: 16 Charisma: 7 Health: 0(55) Energy: 75(75) Def: 6 Gold: 0 Moves: 19132 Dungeon seed: u4B7iLdURzMHu4n9 Game ID: Croesus_1563180905 Your Inventory: Amulets C - an uncursed amulet of reflection (being worn) Weapons c - 48 uncursed +2 elven arrows e - an uncursed +1 elven bow (weapon in hand) f - an uncursed +0 spear (alternate weapon; not wielded) n - an uncursed +0 orcish arrow s - an uncursed +0 elven arrow t - 62 uncursed +0 arrows (in quiver) A - an uncursed +0 knife Y - 6 blessed +0 arrows Armor q - an uncursed +0 dwarvish cloak (being worn) G - an uncursed +0 pair of iron shoes (being worn) H - an uncursed +0 Uruk-hai shield (being worn) I - an uncursed +2 helmet (being worn) Comestibles a - an uncursed female lizard corpse Rings m - an uncursed +2 ring of gain constitution (on left hand) v - an uncursed ring of fire immunity S - an uncursed +0 ring of searching X - an uncursed ring of invisibility Z - an uncursed +2 ring of gain strength Wands g - an uncursed wand of speed monster (0:7) j - an uncursed wand of teleportation (0:1) U - an uncursed wand of striking (0:3) W - an uncursed wand of fire (0:0) Tools b - an uncursed bag of holding k - an uncursed skeleton key u - an uncursed +0 unicorn horn w - an uncursed magic whistle x - an uncursed +0 pick-axe B - an uncursed pair of lenses D - an uncursed tallow candle (0:200) E - an uncursed mirror J - an uncursed tin whistle M - an uncursed brass lantern (0:0) T - an uncursed towel Gems z - an uncursed luckstone Contents of the bag of holding: an uncursed +3 arrow 21 blessed +1 arrows an uncursed +0 dagger of aggravate monster 7 blessed +0 darts 133 uncursed +0 darts a cursed -2 dart a blessed +1 elven dagger an uncursed +1 elven dagger 2 uncursed poisoned +0 darts a cursed poisoned -1 dart a cursed poisoned -2 dart an uncursed +0 dwarvish cloak an uncursed +0 dwarvish cloak an uncursed +0 mummy wrapping 3 uncursed cloves of garlic 2 uncursed lembas wafers an uncursed sprig of wolfsbane 3 uncursed scrolls of blank paper 2 uncursed scrolls of confuse monster a blessed scroll of earth an uncursed scroll of earth a blessed scroll of enchant armor a cursed scroll of enchant armor a blessed scroll of enchant weapon an uncursed scroll of enchant weapon 3 uncursed scrolls of fire an uncursed scroll of light an uncursed scroll of remove curse an uncursed scroll of summoning an uncursed scroll of teleportation 7 uncursed potions of booze a cursed potion of extra healing an uncursed potion of fruit juice an uncursed potion of healing an uncursed potion of invisibility 2 uncursed potions of monster detection a blessed potion of object detection 3 uncursed potions of object detection a cursed potion of object detection an uncursed potion of sickness an uncursed potion of water an uncursed ring of conflict a cursed ring of levitation an uncursed ring of poison immunity a cursed ring of teleportation an uncursed wand of digging (0:8) an uncursed wand of digging (0:5) an uncursed wand of digging (0:5) an uncursed wand of digging (0:4) an uncursed wand of polymorph (0:5) an uncursed wand of probing (0:5) a blessed can of grease (0:24) an uncursed crystal ball (0:2) 2 blessed tallow candles (0:200) 5 uncursed tallow candles (0:200) an uncursed tin opener an uncursed tin whistle an uncursed towel an uncursed towel a blessed wax candle (0:400) 12 uncursed wax candles (0:400) 2 uncursed amethyst stones an uncursed chrysoberyl stone 4 uncursed diamonds 4 uncursed emeralds 2 uncursed rubies an uncursed topaz stone 3 uncursed worthless pieces of black glass 9 uncursed worthless pieces of blue glass 7 uncursed worthless pieces of green glass 4 uncursed worthless pieces of orange glass 3 uncursed worthless pieces of red glass an uncursed worthless piece of violet glass an uncursed worthless piece of white glass 3 uncursed worthless pieces of yellow glass 7 uncursed worthless pieces of yellowish brown glass 1857 gold pieces Spells and supernatural/magical abilities: Name Level Category Cost Memory n - detect monsters 1 divination 1000pw 89% p - protection 1 clerical 1000pw 85% u - confuse monster 2 enchantment 2000pw 86% y - astral eyesight 7 divination 7000pw 93% K - cure sickness 3 healing 3000pw 73% W - pray for help -- divine ? -- Your skills at the end: Fighting Skills wands [Basic] Weapon Skills dagger [Skilled] short sword [Basic] spear [Basic] bow [Skilled] Spellcasting Skills Final Attributes: You were piously aligned. You were cold resistant. You were immune to sleep. You were poison resistant. You saw invisible. You were telepathic. You had automatic searching. You had infravision. You were stealthy. You had reflection. You were lucky. You had extra luck. Bad luck did not time out for you. Good luck did not time out for you. Mars was noncommittal. You are dead. Vanquished creatures: 2 giant mimics 2 large mimics 3 winter wolves 3 small mimics a wood golem a flaming sphere 2 shocking spheres a gargoyle 2 tengu 2 human mummies a python 2 carnivorous apes a watchman 14 wolves a winter wolf cub a panther 4 leprechauns 4 giant spiders a black light 2 vampire bats 2 gnome kings a dwarf mummy a rust monster a yeti a gold golem 2 werewolves a lizard 2 dingos a housecat 2 dwarf lords a blue jelly a white unicorn a dust vortex 3 ravens a gnome mummy 2 snakes 4 apes a rope golem 4 soldier ants a fire ant an imp 4 wood nymphs a water nymph a mountain nymph 8 Uruk-hai 4 rock piercers 3 rock moles a pony 2 fog clouds a yellow light 5 shriekers 3 violet fungi 18 gnome lords 10 gnomish wizards a kobold mummy a black naga hatchling 2 golden naga hatchlings 4 guardian naga hatchlings 3 gray oozes 4 elf zombies a ghoul 4 straw golems 4 paper golems a baby crocodile 18 giant ants 2 little dogs 7 floating eyes 2 kittens 18 dwarves a kobold lord 3 kobold shamans 8 hill orcs 9 rothes 5 rabid rats 7 centipedes 5 giant bats 3 monkeys an orc zombie 2 wererats 4 iguanas 18 killer bees 6 acid blobs 3 coyotes 9 hobbits 2 large kobolds 7 hobgoblins 10 giant rats a cave spider a brown mold 4 yellow molds a green mold 2 red molds 62 gnomes 3 garter snakes 2 gnome zombies 7 geckos 18 jackals 5 foxes 4 goblins a sewer rat 22 grid bugs 7 bats 8 lichens 3 kobold zombies 19 newts 490 creatures vanquished. Voluntary challenges: You had been an atheist until turn 10011. You used a wielded weapon 481 times, starting on turn 214. You read items or engraved 60 times, starting on turn 2289. You never genocided any monsters. You never polymorphed an object. You changed form 1 time, starting on turn 16724. You used no wishes. You never split a pudding. You wrote Elbereth's name 9 times, starting on turn 3913. You never violated your personal moral code. Dungeon overview: The Dungeons of Doom: levels 1 to 8 Level 1 a vault a long staircase Level 2 an armor shop stairs to The Gnomish Mines Level 3 Level 4 a fountain Level 5 some fountains Level 6 many fountains Level 7 stairs to Sokoban Level 8 <- You were here The Gnomish Mines: levels 3 to 10 Level 3 stairs to The Dungeons of Doom Level 4 Level 5 many shops, a temple to Mercury, some fountains Level 6 Level 7 Level 8 Level 9 Level 10 a fountain Sokoban: levels 3 to 6 Level 3 Solved Level 4 Solved Level 5 Solved Level 6 Solved stairs to The Dungeons of Doom History has recorded: On T:1 you entered the Dungeons of Doom to retrieve the Amulet of Yendor! On T:308 you reached level 2 of The Dungeons of Doom. On T:401 you reached level 3 of The Dungeons of Doom. On T:787 you reached level 4 of The Dungeons of Doom. On T:1156 you reached level 5 of The Dungeons of Doom. On T:1319 you advanced to experience level 2. On T:1570 you advanced to experience level 3. On T:1653 you reached level 6 of The Dungeons of Doom. On T:2636 you reached level 7 of The Dungeons of Doom. On T:2673 you reached level 8 of The Dungeons of Doom. On T:2911 you advanced to experience level 4. On T:3182 you reached level 4 of Sokoban. On T:4685 you reached level 3 of Sokoban. On T:5659 you advanced to experience level 5. On T:5691 you reached level 2 of Sokoban. On T:6411 you reached level 1 of Sokoban. On T:7783 you advanced to experience level 6. On T:9019 you reached level 1 of The Gnomish Mines. On T:9191 you advanced to experience level 7. On T:9583 you reached level 2 of The Gnomish Mines. On T:9848 you reached level 3 of The Gnomish Mines. On T:9932 you reached level 4 of The Gnomish Mines. On T:11500 you reached level 5 of The Gnomish Mines. On T:12135 you reached level 6 of The Gnomish Mines. On T:12446 you reached level 7 of The Gnomish Mines. On T:12489 you reached level 8 of The Gnomish Mines. On T:14155 you advanced to experience level 8. Score breakdown: Gold: 1857 (11120 points) Experience: 8 levels (14739 points) Exploration: 10 levels ( 19.61%) (12727 points) Discoveries: 29 items ( 9.83%) ( 9406 points) Valuables value: (no points given unless you survive) Artifact value: 0 ( 0 points) Variety of kills: 105 monsters ( 27.63%) (15769 points) Turncount: 19132 turns (-3337 points) Survival: died (score multiplied by 80%) Total score: 48339 Latest messages: The plains centaur swings her crossbow at you. The plains centaur hits! The plains centaur kicks! The plains centaur swings her crossbow at you. The plains centaur hits! The plains centaur misses. [2 turns] You write in the dust with your fingers. The plains centaur turns to flee! The plains centaur picks up 2 uncursed arrows from the floor. You write in the dust with your fingers. [2 turns] Something is written here in the dust. You read: "Elbereth". You see no objects here. You stop searching. [5 turns] You stop searching. The plains centaur swings her crossbow at you. The plains centaur misses. The plains centaur kicks! The plains centaur swings her crossbow at you. The plains centaur hits! You die... Final status: Goodbye Croesus the Ranger, killed by a plains centaur... You died in The Dungeons of Doom on dungeon level 8 with 48339 points, and 1857 pieces of gold, after 19132 moves. You were level 8 with a maximum of 55 hit points when you died.